 Dungeon Crawl Stone Soup version 0.21.1-1-g345015f (webtiles) character file.

1686 tidbits the Grave Robber (level 9, 68/71 HPs)
             Began as a Gnoll Necromancer on June 29, 2018.
             Quit the game on level 7 of the Dungeon.
             The game lasted 00:20:00 (1542 turns).

tidbits the Grave Robber (Gnoll Necromancer)        Turns: 1542, Time: 00:20:01

Health: 68/71      AC:  7    Str: 12    XL:     9   Next: 2%
Magic:  18/18      EV: 16    Int: 20    God:
Gold:   52         SH:  0    Dex: 17    Spells: 7/20 levels left

rFire    . . .     SeeInvis .   l - +2 lajatang (vamp)
rCold    . . .     Gourm    .   (shield currently unavailable)
rNeg     . . .     Faith    .   a - +1 robe
rPois    .         Spirit   .   (no helmet)
rElec    .         Reflect  .   v - +2 cloak
rCorr    .         Harm     .   (no gloves)
MR       .....                  F - +0 pair of boots
Stlth    +++.......             r - amulet of magic regeneration
HPRegen  0.21/turn              (no ring)
MPRegen  0.41/turn              (no ring)

@: no status effects
A: distributed training, fangs 1, robust 1, strong 1, strong nose
a: no special abilities


You were on level 7 of the Dungeon.
You were not hungry.

You visited 1 branch of the dungeon, and saw 8 of its levels.

You collected 52 gold pieces.

Inventory:

Hand Weapons
 f - a +0 club
 j - a +0 dagger
 l - a +2 vampiric lajatang (weapon)
   (You took it off an orc priest on level 7 of the Dungeon)
 n - a +0 flail
 p - a +2 mace of protection
   (You took it off an orc on level 7 of the Dungeon)
 q - a cursed -2 war axe
 s - a +1 hand axe of venom
   (You took it off an orc on level 7 of the Dungeon)
 t - a +0 rapier of speed
   (You found it on level 6 of the Dungeon)
 u - a +3 quarterstaff of chaos
   (You took it off Crazy Yiuf on level 5 of the Dungeon)
Missiles
 k - 5 tomahawks (quivered)
 w - 30 arrows
Armour
 a - a +1 robe (worn)
 v - a +2 cloak (worn)
 F - a +0 pair of boots (worn)
Magical Staves
 e - an uncursed staff of energy {!a}
   (You found it on level 7 of the Dungeon)
Jewellery
 r - an amulet of magic regeneration (around neck)
   (You found it on level 1 of the Dungeon)
Wands
 o - a wand of random effects (22)
Scrolls
 x - a scroll of teleportation {unknown}
Potions
 d - 3 potions of curing {unknown}
 g - 2 potions of heal wounds {unknown}
 h - a potion of haste {unknown}
 i - a potion of agility {unknown}
 m - a potion of degeneration
Books
 b - a book of Necromancy

   Spells                             Type                      Level
   a - Pain                           Necromancy                   1
   b - Animate Skeleton               Necromancy                   1
   c - Vampiric Draining              Necromancy                   3
   d - Regeneration                   Charms/Necromancy            3
   e - Animate Dead                   Necromancy                   4
   f - Borgnjor's Vile Clutch         Necromancy/Earth             5
Comestibles
 c - 5 rations


   Skills:
 + Level 3.7 Fighting
 + Level 3.7 Short Blades
 + Level 3.7 Long Blades
 + Level 3.7 Axes
 + Level 3.7 Maces & Flails
 + Level 3.7 Polearms
 + Level 3.7 Staves
 + Level 3.7 Slings
 + Level 3.7 Bows
 + Level 3.7 Crossbows
 + Level 3.7 Throwing
 + Level 3.7 Armour
 + Level 6.0 Dodging
 + Level 5.6 Stealth
 + Level 3.7 Shields
 + Level 3.7 Unarmed Combat
 + Level 6.3 Spellcasting
 + Level 3.0 Conjurations
 + Level 3.0 Hexes
 + Level 3.0 Charms
 + Level 3.0 Summonings
 + Level 7.8 Necromancy
 + Level 3.0 Translocations
 + Level 3.0 Transmutations
 + Level 3.0 Fire Magic
 + Level 3.0 Ice Magic
 + Level 3.0 Air Magic
 + Level 3.0 Earth Magic
 + Level 3.0 Poison Magic
 + Level 4.1 Invocations
 + Level 3.7 Evocations


You had 7 spell levels left.
You knew the following spells:

 Your Spells              Type           Power        Failure   Level  Hunger
a - Pain                  Necr           ####         1%          1    None
d - Vampiric Draining     Necr           #####.....   1%          3    ##.....
n - Animate Skeleton      Necr           N/A          1%          1    None
r - Regeneration          Chrm/Necr      ####......   3%          3    ##.....
v - Borgnjor's Vile Clut  Necr/Erth      ####......   30%         5    #####..


Dungeon Overview and Level Annotations

Branches:
Dungeon (8/15)
 Temple: D:4-7         Lair: D:8-11

Altars:
Dithmenos
Elyvilon
Trog


Innate Abilities, Weirdness & Mutations

Your experience applies equally to all skills.
You have very sharp teeth.
Your uncanny sense of smell can sniff out nearby items.
You are robust. (+10% HP)
Your muscles are strong. (Str +2)


Message History

Unknown command.
Your skin stops crawling.
The phantom blinks!
Found a shadowy altar of Dithmenos.
An adder skeleton comes into view.
Found a scroll labeled DYUROPIEFAN.
A jackal comes into view.
A jackal comes into view.
The jackal barks!
Unknown command.
The jackal barks!
You slash the jackal!
You feel better.
You kill the jackal!
The jackal closely misses you. The jackal barely misses you.
Things that are here:
a scroll labeled DYUROPIEFAN; a jackal corpse You barely miss the jackal.
The jackal barely misses you. The jackal closely misses you.
You closely miss the jackal. You bite the jackal, but do no damage.
The jackal bites you but does no damage.
The phantom hits you!
You barely miss the jackal.
The jackal bites you but does no damage.
The phantom completely misses you. The jackal closely misses you.
Casting: Regeneration
Confirm with . or Enter, or press ? or * to list all spells.
The spell is very dangerous to cast!
Continue anyway?
Okay, then.
You hit the jackal.
You feel better.
You kill the jackal!
The phantom closely misses you. The phantom hits you.
x - a scroll labeled DYUROPIEFAN The phantom misses you.
You hit the phantom.
The phantom is lightly damaged.
The phantom hits you but does no damage.
You hit the phantom but do no damage.
The phantom is lightly damaged.
The phantom closely misses you.
You slash the phantom!
The phantom is heavily damaged.
The phantom barely misses you.
You barely miss the phantom.
The phantom is heavily damaged.
The phantom misses you.
You barely miss the phantom.
The phantom is heavily damaged.
The phantom barely misses you. The phantom hits you.
You closely miss the phantom.
The phantom is heavily damaged.
You hear a distant blaring wail to the east.
The phantom completely misses you.
You closely miss the phantom. You bite the phantom, but do no damage.
The phantom is heavily damaged.
The phantom closely misses you.
You slash the phantom! Your bite misses the phantom.
The phantom is almost destroyed.
The phantom barely misses you.
You barely miss the phantom. Your bite misses the phantom.
The phantom is almost destroyed.
The phantom closely misses you.
You barely miss the phantom.
The phantom is almost destroyed.
The phantom closely misses you. The phantom hits you.
The phantom blinks!
Throwing (i - inventory):
k - 7 tomahawks (quivered)
Press: ? - help, Shift-Dir - straight line, f - phantom
Aim: a phantom (almost destroyed)
You throw a tomahawk. The tomahawk misses the phantom.
The phantom blinks!
Throwing (i - inventory):
k - 6 tomahawks (quivered)
Press: ? - help, Shift-Dir - straight line, f/p - phantom
Aim: a phantom (almost destroyed)
You throw a tomahawk. The tomahawk hits the phantom.
You destroy the phantom!
Your Dodging skill increases to level 6!
You have reached level 9!
Your experience leads to an increase in your attributes!
Your base attributes are Str 10, Int 19, Dex 17.
Increase (S)trength, (I)ntelligence, or (D)exterity?
You feel clever.
Found a stone staircase leading down.
Found 9 gold pieces.
There is a stone staircase leading down here.
Unknown command.
Found a ration.
You see here a ration.
c - 5 rations (gained 1)
Found a trident.
There is a stone staircase leading down here.
You climb downwards.
There is a stone staircase leading up here.
Unknown command.
The iguana hisses angrily.
You completely miss the iguana. The iguana misses you.
You hit the iguana.
The iguana is moderately wounded.
The iguana misses you.
You hit the iguana.
The iguana is heavily wounded.
The iguana misses you.
Are you sure you want to abandon this character and quit the game? (Confirm with "yes".)

†..###.#
#........#####..#
.......#
#.......)# ##.#
.#######
#........### #..
## ######.....#
##. ##### ###.#.#
#. #...# #.#.# #.
######### #.#.#
#.#.#####.
........# #.#.#
#.#.......
........# #@#.#
#.#......#
........# #l#.#
#.#......#
........#
#.#.#####.#......#
........#
#.#.......#.......
........#
#.##########......
........#
#......#####....#.
#########
####......##......
#......#####.#.
#......# #.#.


You could see an iguana.

Vanquished Creatures
  An orc warrior (D:7)
  2 sky beasts
  An ice beast (D:7)
  2 phantoms
  2 ogres (D:6)
  2 centaurs
  3 bullfrogs (D:7)
  A howler monkey (D:4)
  A crimson imp (D:6)
  A jelly (D:7)
  2 hounds (D:7)
  2 orc priests (D:7)
  Crazy Yiuf (D:5)
  2 bullfrog skeletons (D:5)
  An orc wizard (D:7)
  4 worker ants (D:5)
  A hound zombie (D:5)
  A hound skeleton (D:5)
  A howler monkey skeleton (D:7)
  3 adders
  An ooze (D:7)
  An adder zombie (D:7)
  An adder skeleton (D:7)
  A worm (D:2)
  A dart slug (D:1)
  2 leopard geckos
  15 orcs
  4 giant cockroaches
  3 hobgoblins
  8 jackals
  4 quokkas
  2 ball pythons
  A bat (D:1)
  A frilled lizard (D:1)
  2 goblins
  A quokka skeleton (D:5)
  5 rats
87 creatures vanquished.

Vanquished Creatures (collateral kills)
  An ogre (D:7)
  A hound zombie (D:6)
  A goblin (D:1)
3 creatures vanquished.

Grand Total: 90 creatures vanquished

Notes
Turn   | Place    | Note
-------+----------+-------------------------------------------
     0 | D:1      | tidbits the Gnoll Necromancer began the quest for the Orb.
     0 | D:1      | Reached XP level 1. HP: 13/13 MP: 6/6
    36 | D:1      | Reached XP level 2. HP: 13/19 MP: 1/7
    68 | D:1      | Learned a level 1 spell: Animate Skeleton
   262 | D:2      | Reached XP level 3. HP: 16/25 MP: 6/9
   272 | D:2      | Learned a level 3 spell: Vampiric Draining
   276 | D:2      | Learned a level 3 spell: Regeneration
   278 | D:2      | You fall through a shaft for 2 floors!
   284 | D:3      | Reached skill level 5 in Spellcasting
   301 | D:3      | Noticed a two-headed ogre
   365 | D:4      | Reached skill level 1 in Fighting
   365 | D:4      | Reached skill level 1 in Short Blades
   365 | D:4      | Reached skill level 1 in Long Blades
   365 | D:4      | Reached skill level 1 in Axes
   365 | D:4      | Reached skill level 1 in Maces & Flails
   365 | D:4      | Reached skill level 1 in Polearms
   365 | D:4      | Reached skill level 1 in Staves
   365 | D:4      | Reached skill level 1 in Slings
   365 | D:4      | Reached skill level 1 in Bows
   365 | D:4      | Reached skill level 1 in Crossbows
   365 | D:4      | Reached skill level 1 in Throwing
   365 | D:4      | Reached skill level 1 in Armour
   365 | D:4      | Reached skill level 1 in Shields
   365 | D:4      | Reached skill level 1 in Unarmed Combat
   365 | D:4      | Reached skill level 1 in Invocations
   365 | D:4      | Reached skill level 1 in Evocations
   365 | D:4      | Reached XP level 4. HP: 24/32 MP: 4/11
   383 | D:5      | Entered Level 5 of the Dungeon
   474 | D:5      | Reached skill level 1 in Conjurations
   474 | D:5      | Reached skill level 1 in Hexes
   474 | D:5      | Reached skill level 1 in Charms
   474 | D:5      | Reached skill level 1 in Summonings
   474 | D:5      | Reached skill level 1 in Translocations
   474 | D:5      | Reached skill level 1 in Transmutations
   474 | D:5      | Reached skill level 1 in Fire Magic
   474 | D:5      | Reached skill level 1 in Ice Magic
   474 | D:5      | Reached skill level 1 in Air Magic
   474 | D:5      | Reached skill level 1 in Earth Magic
   474 | D:5      | Reached skill level 1 in Poison Magic
   482 | D:5      | Noticed a sky beast
   494 | D:5      | Killed a sky beast
   494 | D:5      | Reached XP level 5. HP: 25/37 MP: 1/12
   538 | D:5      | Learned a level 5 spell: Borgnjor's Vile Clutch
   571 | D:6      | Noticed an ogre
   579 | D:6      | Killed an ogre
   579 | D:6      | Reached skill level 2 in Invocations
   579 | D:6      | Reached XP level 6. HP: 33/44 MP: 3/13
   597 | D:5      | Found a bloodstained altar of Trog.
   628 | D:7      | Noticed an ice beast
   638 | D:7      | Killed an ice beast
   638 | D:7      | Reached skill level 2 in Fighting
   638 | D:7      | Reached skill level 2 in Short Blades
   638 | D:7      | Reached skill level 2 in Long Blades
   638 | D:7      | Reached skill level 2 in Axes
   638 | D:7      | Reached skill level 2 in Maces & Flails
   638 | D:7      | Reached skill level 2 in Polearms
   638 | D:7      | Reached skill level 2 in Staves
   638 | D:7      | Reached skill level 2 in Slings
   638 | D:7      | Reached skill level 2 in Bows
   638 | D:7      | Reached skill level 2 in Crossbows
   638 | D:7      | Reached skill level 2 in Throwing
   638 | D:7      | Reached skill level 2 in Armour
   638 | D:7      | Reached skill level 5 in Dodging
   638 | D:7      | Reached skill level 2 in Shields
   638 | D:7      | Reached skill level 2 in Unarmed Combat
   638 | D:7      | Reached skill level 2 in Evocations
   653 | D:7      | Noticed an orc warrior
   663 | D:7      | Killed an orc warrior
   663 | D:7      | Reached XP level 7. HP: 45/50 MP: 12/15
   672 | D:7      | Reached skill level 2 in Conjurations
   672 | D:7      | Reached skill level 2 in Hexes
   672 | D:7      | Reached skill level 2 in Charms
   672 | D:7      | Reached skill level 2 in Summonings
   672 | D:7      | Reached skill level 2 in Translocations
   672 | D:7      | Reached skill level 2 in Transmutations
   672 | D:7      | Reached skill level 2 in Fire Magic
   672 | D:7      | Reached skill level 2 in Ice Magic
   672 | D:7      | Reached skill level 2 in Air Magic
   672 | D:7      | Reached skill level 2 in Earth Magic
   672 | D:7      | Reached skill level 2 in Poison Magic
   750 | D:7      | Reached skill level 5 in Stealth
   799 | D:7      | Gained mutation: Your muscles are strong. (Str +2) [potion of mutation]
   799 | D:7      | Gained mutation: You are robust. (+10% HP) [potion of mutation]
   827 | D:7      | Reached skill level 3 in Invocations
   874 | D:7      | Reached XP level 8. HP: 46/62 MP: 16/16
   921 | D:7      | Reached skill level 3 in Fighting
   921 | D:7      | Reached skill level 3 in Short Blades
   921 | D:7      | Reached skill level 3 in Long Blades
   921 | D:7      | Reached skill level 3 in Axes
   921 | D:7      | Reached skill level 3 in Maces & Flails
   921 | D:7      | Reached skill level 3 in Polearms
   921 | D:7      | Reached skill level 3 in Staves
   921 | D:7      | Reached skill level 3 in Slings
   921 | D:7      | Reached skill level 3 in Bows
   921 | D:7      | Reached skill level 3 in Crossbows
   921 | D:7      | Reached skill level 3 in Throwing
   921 | D:7      | Reached skill level 3 in Armour
   921 | D:7      | Reached skill level 3 in Shields
   921 | D:7      | Reached skill level 3 in Unarmed Combat
   921 | D:7      | Reached skill level 3 in Evocations
  1024 | D:7      | Reached skill level 6 in Spellcasting
  1072 | D:5      | Found a runed door.
  1077 | D:5      | Noticed Crazy Yiuf
  1081 | D:5      | Killed Crazy Yiuf
  1246 | D:5      | Found a white marble altar of Elyvilon.
  1411 | D:6      | Reached skill level 3 in Conjurations
  1411 | D:6      | Reached skill level 3 in Hexes
  1411 | D:6      | Reached skill level 3 in Charms
  1411 | D:6      | Reached skill level 3 in Summonings
  1411 | D:6      | Reached skill level 3 in Translocations
  1411 | D:6      | Reached skill level 3 in Transmutations
  1411 | D:6      | Reached skill level 3 in Fire Magic
  1411 | D:6      | Reached skill level 3 in Ice Magic
  1411 | D:6      | Reached skill level 3 in Air Magic
  1411 | D:6      | Reached skill level 3 in Earth Magic
  1411 | D:6      | Reached skill level 3 in Poison Magic
  1411 | D:6      | Reached skill level 4 in Invocations
  1440 | D:6      | Found a shadowy altar of Dithmenos.
  1469 | D:6      | Reached skill level 6 in Dodging
  1469 | D:6      | Reached XP level 9. HP: 52/71 MP: 18/18
  1542 | D:7      | Quit the game

Skill      XL: |  1  2  3  4  5  6  7  8 |
---------------+-------------------------+-----
Spellcasting   | 5 6 |  6.3
Fighting       | 1 2 3 |  3.7
Short Blades   | 1 2 3 |  3.7
Long Blades    | 1 2 3 |  3.7
Axes           | 1 2 3 |  3.7
Maces & Flails | 1 2 3 |  3.7
Polearms       | 1 2 3 |  3.7
Staves         | 1 2 3 |  3.7
Slings         | 1 2 3 |  3.7
Bows           | 1 2 3 |  3.7
Crossbows      | 1 2 3 |  3.7
Throwing       | 1 2 3 |  3.7
Armour         | 1 2 3 |  3.7
Shields        | 1 2 3 |  3.7
Unarmed Combat | 1 2 3 |  3.7
Invocations    | 1 2 3 4 |  4.1
Evocations     | 1 2 3 |  3.7
Conjurations   | 1 2 3 |  3.0
Hexes          | 1 2 3 |  3.0
Charms         | 1 2 3 |  3.0
Summonings     | 1 2 3 |  3.0
Translocations | 1 2 3 |  3.0
Transmutations | 1 2 3 |  3.0
Fire Magic     | 1 2 3 |  3.0
Ice Magic      | 1 2 3 |  3.0
Air Magic      | 1 2 3 |  3.0
Earth Magic    | 1 2 3 |  3.0
Poison Magic   | 1 2 3 |  3.0
Dodging        | 5 6 |  6.0
Stealth        | 5 |  5.6
Necromancy     | |  7.8

Action                   |  1- 3 |  4- 6 |  7- 9 || total
-------------------------+-------+-------+-------++-------
Melee: Dagger            |     1 |    15 |    23 ||    39
       Bite              |       |     4 |    18 ||    22
       Flail             |       |       |    51 ||    51
       Punch             |       |       |     1 ||     1
       Lajatang          |       |       |    56 ||    56
Throw: Tomahawk          |       |       |     3 ||     3
 Cast: Pain              |    42 |    31 |    64 ||   137
       Animate Skeleton  |     2 |     1 |     4 ||     7
       Regeneration      |     1 |     3 |    10 ||    14
       Vampiric Draining |       |     5 |     8 ||    13
       Borgnjor's Vile C |       |       |     2 ||     2
Evoke: Wand              |       |     4 |     7 ||    11
  Use: Potion            |     1 |       |     2 ||     3
       Scroll            |       |     5 |     1 ||     6
 Stab: Sleeping          |     1 |     1 |     1 ||     3
       Paralysed         |       |     3 |       ||     3
       Confused          |       |       |     1 ||     1
  Eat: Chunk             |       |       |     3 ||     3
       Ration            |       |       |     2 ||     2
Armor: Robe              |       |     5 |    40 ||    45
Dodge: Dodged            |     4 |    21 |   175 ||   200

Table legend:
 A = Turns spent in this place as a percentage of turns spent in the entire game.
 B = Non-inter-level travel turns spent in this place as a percentage of non-inter-level travel turns spent in the entire game.
 C = Inter-level travel turns spent in this place as a percentage of turns spent in this place.
 D = Turns resting spent in this place as a percentage of non-inter-level travel turns spent in this place.
 E = Turns spent auto-exploring this place as a percentage of non-inter-level travel turns spent in this place.
 F = Non-inter-level travel turns spent in this place divided by the number of levels of this place that you've seen.
                   A       B       C       D       E      F
               +-------+-------+-------+-------+-------+----------------------
         Total | 100.0 | 100.0 |   0.0 |   0.0 |   0.0 | 192.8
       Dungeon | 100.0 | 100.0 |   0.0 |   0.0 |   0.0 | 192.8
               +-------+-------+-------+-------+-------+----------------------

Table legend:
 A = Kills in this place as a percentage of kills in entire the game.
 B = Kills by you in this place as a percentage of kills by you in the entire game.
 C = Kills by friends in this place as a percentage of kills by friends in the entire game.
 D = Other kills in this place as a percentage of other kills in the entire game.
 E = Experience gained in this place as a percentage of experience gained in the entire game.
 F = Experience gained in this place divided by the number of levels of this place that you have seen.
                   A       B       C       D       E      F
               +-------+-------+-------+-------+-------+----------------------
         Total | 100.0 | 100.0 | 100.0 |   N/A | 100.0 | 301.1
       Dungeon | 100.0 | 100.0 | 100.0 |   N/A | 100.0 | 301.1
               +-------+-------+-------+-------+-------+----------------------

Vault maps used:
D:1:      dpeg_arrival_houses_and_road
D:2:      corner_web_ring, minmay_misc_feat_cross, uniq_sigmund
D:3:      kennysheep_generic_room_4, uniq_ijyb
D:4:      first_ration
D:5:      nicolae_overflow_hidden_temple, minmay_temple_entry_fiery,
          basic_altar, uniq_crazy_yiuf_cottage
D:6:      hangedman_abyss_or_decor_passed, nicolae_dithmenos_the_darkroom
D:8:      uniq_psyche
